 Dungeon Crawl Stone Soup version 0.32-a0-768-g0f6f1dd4b9 (webtiles) character file.

Game seed: 4031613020595066722

102963 sleeves the Unseen (level 15, 0/126 HPs)
             Began as an Armataur Cinder Acolyte on Mar 18, 2024.
             Was a Follower of Ignis.
             Slain by a seven-headed hydra (10 damage)
             ... on level 14 of the Dungeon.
             The game lasted 01:10:56 (30098 turns).

sleeves the Unseen (Armataur Cinder Acolyte)       Turns: 30098, Time: 01:10:56

Health: 0/126      AC: 17    Str: 21    XL:     15   Next: 87%
Magic:  16/16      EV:  6    Int: 15    God:    Ignis [*.....]
Gold:   1391       SH: 13    Dex: 13    Spells: 16/16 levels left

rFire   + + .        L - +0 long sword (flame)
rCold   . . .        R - +0 kite shield {AC+3}
rNeg    . . .        M - +3 scale mail "Arghiex" {Will+ Str+2}
rPois   .            A - +0 helmet
rElec   .            (no cloak)
rCorr   .            V - +0 pair of gloves
SInv    +            (no barding)
Will    ++++.        Q - amulet "Ecseacez" {Acrobat Will++}
Stlth   ++++++       C - ring of see invisible
HPRegen 0.41/turn    c - ring of protection from fire
MPRegen 0.15/turn

%: acrobat, roll
@: no status effects
A: large, deformed body, tough skin 3, armoured tail, rollpage 2
a: Renounce Religion, Fiery Armour, Foxfire Swarm, Rising Flame


You were on level 14 of the Dungeon.
You worshipped Ignis.
Ignis was aware of your devotion.
You visited 4 branches of the dungeon, and saw 23 of its levels.
You also visited: Ice Cave.

You collected 3252 gold pieces.
You spent 1861 gold pieces at shops.

Inventory:

Hand Weapons
 a - a +6 falchion of freezing
   (You took it off a wight on level 8 of the Dungeon)
 b - a +6 short sword
   (You took it off a wight on level 8 of the Dungeon)
 L - a +0 long sword of flaming (weapon)
   (You took it off Maggie on level 7 of the Dungeon)
Missiles
 y - a curare-tipped dart
 D - a throwing net (quivered)
Armour
 A - a +0 helmet (worn)
   (You found it on level 4 of the Dungeon)
 M - the +3 scale mail "Arghiex" (worn) {Will+ Str+2}
   (You found it on level 13 of the Dungeon)

   Str+2:     It affects your strength (+2).
   Will+:     It increases your willpower.
 R - a +0 kite shield of protection (worn)
   (You took it off a tengu warrior on level 9 of the Dungeon)
 V - a +0 pair of gloves (worn)
   (You found it in an ice cave)
 X - a +2 kite shield of cold resistance
   (You found it in an ice cave)
 Z - +0 ice dragon scales
   (You found it in an ice cave)
Jewellery
 c - a ring of protection from fire (right hand)
   (You found it on level 9 of the Dungeon)
 u - an amulet of reflection
   (You found it on level 2 of the Dungeon)
 C - a ring of see invisible (left hand)
   (You found it on level 5 of the Dungeon)
 N - an amulet of regeneration
   (You found it in an ice cave)
 Q - the amulet "Ecseacez" (around neck) {Acrobat Will++}
   (You found it on level 9 of the Dungeon)

   [amulet of the acrobat]

   Acrobat:   It increases your evasion while moving and waiting.
   Will++:    It greatly increases your willpower.
Wands
 o - a wand of warping (12)
   (You found it on level 2 of the Dungeon)
 B - a wand of polymorph (5)
   (You found it in an ice cave)
 G - a wand of mindburst (13)
   (You found it on level 6 of the Dungeon)
 H - a wand of digging (7)
   (You found it on level 7 of the Dungeon)
 J - a wand of quicksilver (11)
   (You found it on level 2 of the Lair of Beasts)
 Y - a wand of flame (30)
   (You found it in an ice cave)
Scrolls
 f - 8 scrolls of blinking
 g - 2 scrolls of fear
 h - 2 scrolls of revelation
 i - 4 scrolls of immolation
 p - 15 scrolls of teleportation
 q - 4 scrolls of poison
 w - 2 scrolls of amnesia
 x - 4 scrolls of vulnerability
 z - a scroll of enchant armour
 E - 4 scrolls of fog
 I - a scroll of enchant weapon
 K - 2 scrolls of identify
 P - a scroll of acquirement
 S - a scroll of torment {unknown}
 T - a scroll of brand weapon
 U - a scroll of noise
Potions
 d - 3 potions of heal wounds
 e - 5 potions of haste
 j - a potion of invisibility
 k - 3 potions of attraction {unknown}
 l - 3 potions of enlightenment {unknown}
 m - a potion of ambrosia {unknown}
 n - 4 potions of brilliance {unknown}
 r - 4 potions of lignification {unknown}
 s - 3 potions of mutation {unknown}
 v - 8 potions of curing {unknown}
 F - 2 potions of resistance {unknown}
 O - 4 potions of might {unknown}
Miscellaneous
 W - a condenser vane
   (You found it in an ice cave)


   Skills:
 - Level 10.0 Fighting
 - Level 14.0 Long Blades
 - Level 10.0 Armour
 + Level 19.1 Stealth
 - Level 15.0 Shields
 - Level 1.0 Spellcasting
 - Level 2.6 Fire Magic


You had 16 spell levels left.
You didn't know any spells.
Your spell library contained the following spells:

 Spells                   Type           Power      Damage    Failure   Level
 Scorch                   Fire           16%        2d5       41%         2
 Apportation              Tloc           0%         N/A       65%         1
 Necrotise                Necr           0%         1d4       65%         1
 Sandblast                Erth           0%         2d4       65%         1
 Sting                    Conj/Alch      0%         1d3       65%         1
 Summon Small Mammal      Summ           0%         N/A       65%         1
 Jinxbite                 Hex            0%         N/A       78%         2
 Call Canine Familiar     Summ           0%         N/A       95%         3
 Sigil of Binding         Hex            0%         N/A       95%         3
 Stone Arrow              Conj/Erth      0%         3d7       95%         3
 Tukima's Dance           Hex            0%         N/A       95%         3
 Flame Wave               Conj/Fire      4%         2d5       99%         4
 Summon Blazeheart Golem  Fire/Summ      4%         N/A       99%         4
 Brom's Barrelling Bould  Conj/Erth      0%         2d3       100%        4
 Dimensional Bullseye     Hex/Tloc       0%         N/A       100%        4
 Iskenderun's Mystic Bla  Conj/Tloc      0%         2d3       100%        4
 Summon Forest            Summ/Tloc      0%         N/A       100%        5
 Summon Mana Viper        Hex/Summ       0%         N/A       100%        5
 Yara's Violent Unravell  Hex/Alch       0%         3d3       100%        5
 Death Channel            Necr           0%         N/A       100%        6
 Sculpt Simulacrum        Ice/Alch       0%         N/A       100%        6
 Summon Cactus Giant      Summ           0%         N/A       100%        6
 Enfeeble                 Hex            0%         N/A       100%        7
 Summon Hydra             Summ           0%         N/A       100%        7


Dungeon Overview and Level Annotations

Branches:
Dungeon (15/15)            Temple (1/1) D:5            Lair (5/5) D:10
 Shoals (0/4) Lair:2       Spider (0/4) Lair:2        Slime (0/5) Lair:4
    Orc (2/2) D:10            Elf (0/3) Orc:2        Vaults (0/5) D:13
  IceCv (visited)
 Depths: D:15

Altars:
Ashenzari
Cheibriados
Dithmenos
Elyvilon
Fedhas
Gozag
Hepliaklqana
Kikubaaqudgha
Makhleb
Nemelex Xobeh
Okawaru
Qazlal
Ru
Sif Muna
Trog
Uskayaw
Vehumet
Wu Jian
Xom
Yredelemnul
Zin
The Shining One
Beogh
Jiyva

Shops:
D:8 ?   D:10 (   D:12 ::?   Orc:2 ?=:??

Portals:
Hell: Lair:5

Annotations:
D:4 1 runed translucent door, Crazy Yiuf
D:15 1 transporter


Innate Abilities, Weirdness & Mutations

Armour fits poorly on your strangely shaped body.
You have extremely tough skin. (AC +3)
You have a long armoured tail.
You regenerate magic and health when rolling toward enemies. (Rampage Regen)


Message History

You hit the white ugly thing. You freeze the white ugly thing.
The white ugly thing is lightly wounded.
You barely miss the white ugly thing.
Your tail-slap misses the white ugly thing.
The white ugly thing is lightly wounded.
You block the white ugly thing's attack.
You slash the white ugly thing! You freeze the white ugly thing.
The white ugly thing is moderately wounded.
You block the white ugly thing's attack.
You slash the white ugly thing! You freeze the white ugly thing.
Your tail-slap misses the white ugly thing.
The white ugly thing is heavily wounded.
You hit the white ugly thing.
Your tail-slap misses the white ugly thing.
The white ugly thing is heavily wounded.
You block the white ugly thing's attack.
The boulder beetle leaps!
You hit the white ugly thing. You freeze the white ugly thing.
You tail-slap the white ugly thing.
The white ugly thing is severely wounded.
You block the white ugly thing's attack.
You hit the white ugly thing but do no damage.
The white ugly thing is severely wounded.
You hit the white ugly thing.
The white ugly thing is almost dead.
You block the white ugly thing's attack.
You barely miss the white ugly thing.
The white ugly thing is almost dead.
The white ugly thing tail-slaps you but does no damage.
You hit the white ugly thing. You freeze the white ugly thing.
The white ugly thing is almost dead.
You closely miss the white ugly thing.
The white ugly thing is almost dead.
The white ugly thing tail-slaps you but does no damage.
You hit the white ugly thing.
Your tail-slap misses the white ugly thing.
The white ugly thing is almost dead.
The white ugly thing tail-slaps you. The white ugly thing freezes you!!
You slash the white ugly thing! You freeze the white ugly thing.
You kill the white ugly thing!
You closely miss the purple ugly thing.
The boulder beetle curls into a ball and begins rolling!
The purple ugly thing stings you.
You slash the purple ugly thing! You freeze the purple ugly thing.
You tail-slap the purple ugly thing!
The purple ugly thing is moderately wounded.
The purple ugly thing stings you.
You barely miss the purple ugly thing.
Your tail-slap misses the purple ugly thing.
The purple ugly thing is moderately wounded.
You hit the purple ugly thing. You freeze the purple ugly thing.
The purple ugly thing is moderately wounded.
You block the purple ugly thing's attack.
You slash the purple ugly thing! You freeze the purple ugly thing.
The purple ugly thing is heavily wounded.
The boulder beetle stops rolling and uncurls.
You block the purple ugly thing's attack.
You barely miss the purple ugly thing.
The purple ugly thing is heavily wounded.
You slash the purple ugly thing! You freeze the purple ugly thing.
The purple ugly thing is almost dead.
The purple ugly thing basks in the mutagenic energy from its kin and changes!
You barely miss the brown ugly thing.
Your tail-slap misses the brown ugly thing.
The brown ugly thing is almost dead.
You slash the brown ugly thing! You freeze the brown ugly thing.
You kill the brown ugly thing!
You closely miss the purple ugly thing.
The purple ugly thing headbutts you but does no damage.
You hit the purple ugly thing. You freeze the purple ugly thing.
The purple ugly thing is lightly wounded.
The purple ugly thing headbutts you!
You closely miss the purple ugly thing. You tail-slap the purple ugly thing!
The purple ugly thing is moderately wounded.
You slash the purple ugly thing! You freeze the purple ugly thing.
The purple ugly thing is heavily wounded.
You block the purple ugly thing's attack.
You slash the purple ugly thing! You freeze the purple ugly thing.
Your tail-slap misses the purple ugly thing.
The purple ugly thing is heavily wounded.
The boulder beetle waves its antennae.
The purple ugly thing headbutts you but does no damage.
You slash the purple ugly thing! You freeze the purple ugly thing.
The purple ugly thing is almost dead.
You closely miss the purple ugly thing.
Your tail-slap misses the purple ugly thing.
The purple ugly thing is almost dead.
The purple ugly thing headbutts you but does no damage.
You closely miss the purple ugly thing.
The purple ugly thing is almost dead.
The purple ugly thing headbutts you but does no damage.
You hit the purple ugly thing. You freeze the purple ugly thing.
The purple ugly thing is almost dead.
You completely miss the purple ugly thing.
You tail-slap the purple ugly thing.
The purple ugly thing is almost dead.
You block the purple ugly thing's attack.
You hit the purple ugly thing. You freeze the purple ugly thing.
You kill the purple ugly thing!
You hit the boulder beetle but do no damage.
You tail-slap the boulder beetle, but do no damage.
The boulder beetle bites you but does no damage.
You hit the boulder beetle but do no damage.
The boulder beetle bites you but does no damage.
You hit the boulder beetle but do no damage.
You tail-slap the boulder beetle, but do no damage.
You hit the boulder beetle but do no damage.
The boulder beetle bites you but does no damage.
You hit the boulder beetle but do no damage.
You block the boulder beetle's attack.
You hit the boulder beetle but do no damage.
You tail-slap the boulder beetle, but do no damage.
You hit the boulder beetle. You freeze the boulder beetle.
The boulder beetle is lightly wounded.
The boulder beetle closely misses you.
You hit the boulder beetle but do no damage.
The boulder beetle is lightly wounded.
The boulder beetle leaps!
The boulder beetle leaps!
You roll towards the boulder beetle!
The boulder beetle curls into a ball and begins rolling!
You roll towards the boulder beetle!
You hit the boulder beetle but do no damage.
The boulder beetle is lightly wounded.
The boulder beetle hits you but does no damage.
The boulder beetle stops rolling and uncurls.
You hit the boulder beetle but do no damage.
The boulder beetle is lightly wounded.
You slash the boulder beetle! You freeze the boulder beetle.
The boulder beetle is moderately wounded.
You block the boulder beetle's attack.
You hit the boulder beetle but do no damage.
Your tail-slap misses the boulder beetle.
The boulder beetle is moderately wounded.
The boulder beetle bites you but does no damage.
You hit the boulder beetle but do no damage.
The boulder beetle is lightly wounded.
You hit the boulder beetle but do no damage.
The boulder beetle is lightly wounded.
The boulder beetle bites you but does no damage.
You slash the boulder beetle! You freeze the boulder beetle.
The boulder beetle is moderately wounded.
The boulder beetle bites you.
You hit the boulder beetle but do no damage.
Your tail-slap misses the boulder beetle.
The boulder beetle is moderately wounded.
You hit the boulder beetle but do no damage.
The boulder beetle is moderately wounded.
The boulder beetle barely misses you.
You slash the boulder beetle! You freeze the boulder beetle.
You tail-slap the boulder beetle.
The boulder beetle is heavily wounded.
You block the boulder beetle's attack.
You hit the boulder beetle but do no damage.
The boulder beetle is heavily wounded.
You hit the boulder beetle but do no damage.
The boulder beetle is heavily wounded.
The boulder beetle barely misses you.
You hit the boulder beetle but do no damage.
The boulder beetle is heavily wounded.
The boulder beetle barely misses you.
You hit the boulder beetle. You freeze the boulder beetle.
You tail-slap the boulder beetle, but do no damage.
The boulder beetle is heavily wounded.
You hit the boulder beetle but do no damage.
Your tail-slap misses the boulder beetle.
The boulder beetle is heavily wounded.
You block the boulder beetle's attack.
You hit the boulder beetle but do no damage.
The boulder beetle is heavily wounded.
You block the boulder beetle's attack.
You hit the boulder beetle but do no damage.
The boulder beetle is heavily wounded.
You hit the boulder beetle but do no damage.
You tail-slap the boulder beetle, but do no damage.
The boulder beetle is heavily wounded.
You block the boulder beetle's attack.
You hit the boulder beetle but do no damage.
You tail-slap the boulder beetle!
The boulder beetle is severely wounded.
You barely miss the boulder beetle.
The boulder beetle is severely wounded.
You block the boulder beetle's attack.
You barely miss the boulder beetle.
You tail-slap the boulder beetle, but do no damage.
The boulder beetle is severely wounded.
You block the boulder beetle's attack.
You slash the boulder beetle! You freeze the boulder beetle.
You tail-slap the boulder beetle.
The boulder beetle is almost dead.
You block the boulder beetle's attack.
You hit the boulder beetle but do no damage.
The boulder beetle is almost dead.
You hit the boulder beetle but do no damage.
The boulder beetle is almost dead.
The boulder beetle bites you!
You hit the boulder beetle. You freeze the boulder beetle.
The boulder beetle is almost dead.
The boulder beetle bites you.
You hit the boulder beetle but do no damage.
The boulder beetle is almost dead.
You hit the boulder beetle but do no damage.
The boulder beetle is almost dead.
The boulder beetle bites you!
You hit the boulder beetle but do no damage.
You tail-slap the boulder beetle, but do no damage.
The boulder beetle is almost dead.
You barely miss the boulder beetle.
Your tail-slap misses the boulder beetle.
The boulder beetle is almost dead.
The boulder beetle bites you but does no damage.
You hit the boulder beetle but do no damage.
The boulder beetle is almost dead.
You block the boulder beetle's attack.
You hit the boulder beetle. You freeze the boulder beetle.
You tail-slap the boulder beetle, but do no damage.
The boulder beetle is almost dead.
The boulder beetle leaps!
The boulder beetle leaps!
No target in view!
No target in view!
No target in view!
No target in view!
No target in view!
No target in view!
No target in view!
No target in view!
No target in view!
No target in view!
No target in view!
No target in view!
No target in view!
No target in view!
No target in view!
No target in view!
No target in view!
No target in view!
No target in view!
A boulder beetle is nearby!
You roll towards the boulder beetle!
You roll towards the boulder beetle!
You hit the boulder beetle but do no damage.
You tail-slap the boulder beetle, but do no damage.
The boulder beetle is almost dead.
You hit the boulder beetle but do no damage.
You tail-slap the boulder beetle.
The boulder beetle is almost dead.
The boulder beetle leaps!
The boulder beetle curls into a ball and begins rolling!
You roll towards the boulder beetle!
You hit the boulder beetle but do no damage.
The boulder beetle is almost dead.
You block the boulder beetle's attack.
The boulder beetle stops rolling and uncurls.
You hit the boulder beetle but do no damage.
The boulder beetle is almost dead.
The boulder beetle bites you!
You hit the boulder beetle but do no damage.
You tail-slap the boulder beetle, but do no damage.
The boulder beetle is almost dead.
You hit the boulder beetle. You freeze the boulder beetle.
Your tail-slap misses the boulder beetle.
The boulder beetle is almost dead.
The boulder beetle leaps!
No target in view!
No target in view!
No target in view!
No target in view!
No target in view!
No target in view!
No target in view!
No target in view!
No target in view!
No target in view!
No target in view!
No target in view!
No target in view!
A boulder beetle is nearby!
A boulder beetle is nearby!
A boulder beetle is nearby!
You roll towards the boulder beetle!
The boulder beetle barely misses you.
You hit the boulder beetle but do no damage.
You tail-slap the boulder beetle, but do no damage.
The boulder beetle is almost dead.
The boulder beetle bites you but does no damage.
You hit the boulder beetle. You freeze the boulder beetle.
You kill the boulder beetle!
No target in view!
No target in view!
No target in view!
No target in view!
No target in view!
No target in view!
No target in view!
No target in view!
No target in view!
No target in view!
No target in view!
No target in view!
No target in view!
No target in view!
A centaur warrior comes into view.
You see here a viscous purple potion.
A centaur warrior is nearby!
A centaur warrior is nearby!
Your +6 falchion of freezing stops glowing.
b - a +6 short sword (weapon)
Found 10 stones.
The helpless centaur warrior fails to defend itself.
You spit the centaur warrior like a pig!!!!
You kill the centaur warrior!
No target in view!
No target in view!
k - 3 viscous purple potions (gained 1)
A tengu warrior comes into view. It is wielding a +0 great sword.
A tengu warrior is nearby!
A tengu warrior is nearby!
You roll towards the tengu warrior!
You roll towards the tengu warrior!
A tengu conjurer comes into view.
You roll towards the tengu warrior!
You closely miss the tengu warrior.
The tengu warrior shouts!
Your +6 falchion of freezing glows with a cold blue light!
a - a +6 falchion of freezing (weapon)
The tengu warrior hits you with a +0 great sword!
You block the tengu warrior's attack. The tengu warrior claws you.
The tengu conjurer gestures wildly while chanting.
The tengu conjurer conjures a globe of magical energy!
A battlesphere comes into view.
You hit the tengu warrior. You freeze the tengu warrior.
The tengu warrior is lightly wounded.
You miss the tengu warrior.
The tengu warrior is lightly wounded.
The tengu warrior hits you with a +0 great sword.
You block the tengu warrior's attack. The tengu warrior claws you.
You barely miss the tengu warrior.
The tengu warrior is lightly wounded.
The tengu conjurer hits you but does no damage.
You block the tengu conjurer's attack.
The tengu conjurer claws you but does no damage.
The tengu warrior slips past you!
You block the tengu warrior's attack. x2
The tengu warrior claws you but does no damage.
As you read the scroll of silence, it crumbles to dust.
A profound silence engulfs you. You block the tengu conjurer's attack.
The tengu conjurer barely misses you. x2
The tengu warrior hits you with a +0 great sword.
You block the tengu warrior's attack. The tengu warrior claws you.
You miss the tengu warrior.
The tengu warrior is lightly wounded.
You hit the tengu warrior but do no damage.
The tengu warrior is lightly wounded.
The tengu conjurer hits you but does no damage.
You block the tengu conjurer's attack.
The tengu conjurer claws you but does no damage.
The tengu warrior hits you with a +0 great sword.
The tengu warrior pecks you but does no damage.
You block the tengu warrior's attack.
You slash the tengu warrior! You freeze the tengu warrior.
Your tail-slap misses the tengu warrior.
The tengu warrior is moderately wounded.
You block the tengu conjurer's attack. x3
The tengu warrior hits you with a +0 great sword!
The tengu warrior pecks you but does no damage.
The tengu warrior claws you but does no damage.
You hit the tengu warrior but do no damage.
The tengu warrior is moderately wounded.
You hit the tengu warrior. You freeze the tengu warrior.
The tengu warrior is moderately wounded.
The tengu conjurer hits you.
The tengu conjurer pecks you but does no damage.
You block the tengu conjurer's attack.
The tengu warrior hits you but does no damage.
The tengu warrior pecks you. You block the tengu warrior's attack.
You closely miss the tengu warrior.
The tengu warrior is moderately wounded.
The tengu conjurer hits you.
The tengu conjurer pecks you but does no damage.
You block the tengu conjurer's attack.
The tengu warrior hits you with a +0 great sword!
The tengu warrior pecks you but does no damage.
You block the tengu warrior's attack.
You are too injured to fight recklessly!
You are too injured to fight recklessly!
You are too injured to fight recklessly!
You are too injured to fight recklessly!
You are too injured to fight recklessly!
You are too injured to fight recklessly!
You are too injured to fight recklessly!
You are too injured to fight recklessly!
You are too injured to fight recklessly!
You are too injured to fight recklessly!
You are too injured to fight recklessly!
You are too injured to fight recklessly!
You are too injured to fight recklessly!
You are too injured to fight recklessly!
You are too injured to fight recklessly!
You are too injured to fight recklessly!
You are too injured to fight recklessly!
You are too injured to fight recklessly!
You are too injured to fight recklessly!
You are too injured to fight recklessly!
You are too injured to fight recklessly!
You are too injured to fight recklessly!
You are too injured to fight recklessly!
You hit the tengu warrior. You freeze the tengu warrior.
The tengu warrior is heavily wounded.
You block the tengu conjurer's attack. x2
The tengu conjurer claws you but does no damage.
You block the tengu warrior's attack. The tengu warrior pecks you.
The tengu warrior claws you but does no damage.
You slash the tengu warrior! You freeze the tengu warrior.
The tengu warrior is heavily wounded.
You hit the tengu warrior. You freeze the tengu warrior.
The tengu warrior is severely wounded.
The tengu conjurer hits you but does no damage.
You block the tengu conjurer's attack. x2
You block the tengu warrior's attack. The tengu warrior pecks you.
The tengu warrior claws you but does no damage.
You barely miss the tengu warrior.
The tengu warrior is severely wounded.
You hit the tengu warrior. You freeze the tengu warrior.
The tengu warrior is severely wounded.
The tengu conjurer hits you but does no damage.
The tengu conjurer pecks you but does no damage.
The tengu conjurer claws you but does no damage.
The tengu warrior hits you with a +0 great sword!
The tengu warrior pecks you but does no damage.
The tengu warrior claws you but does no damage.
You miss the tengu warrior.
The tengu warrior is severely wounded.
The tengu conjurer completely misses you.
You block the tengu conjurer's attack. The tengu conjurer closely misses you.
The tengu warrior hits you but does no damage.
The tengu warrior pecks you but does no damage.
You block the tengu warrior's attack.
You closely miss the tengu warrior.
Your tail-slap misses the tengu warrior.
The tengu warrior is severely wounded.
You hit the tengu warrior. You freeze the tengu warrior.
The tengu warrior is severely wounded.
The tengu conjurer closely misses you.
You block the tengu conjurer's attack. x2
You block the tengu warrior's attack.
The tengu warrior pecks you but does no damage.
The tengu warrior closely misses you.
You slash the tengu warrior! You freeze the tengu warrior.
Your tail-slap misses the tengu warrior.
The tengu warrior is almost dead.
The tengu conjurer hits you.
You block the tengu conjurer's attack. x2
You block the tengu warrior's attack.
The tengu warrior pecks you but does no damage.
The tengu warrior closely misses you.
You closely miss the tengu warrior.
The tengu warrior is almost dead.
You barely miss the tengu warrior.
The tengu warrior is almost dead.
You block the tengu conjurer's attack. The tengu conjurer pecks you.
You block the tengu conjurer's attack. The tengu warrior slips past you!
You block the tengu warrior's attack. The tengu warrior barely misses you.
The tengu warrior claws you but does no damage.
You miss the tengu warrior.
The tengu warrior is almost dead.
The tengu conjurer hits you but does no damage.
The tengu conjurer pecks you but does no damage.
The tengu conjurer barely misses you. You block the tengu warrior's attack.
The tengu warrior pecks you but does no damage.
The tengu warrior claws you but does no damage.
You slash the tengu warrior! You freeze the tengu warrior.
You kill the tengu warrior!
You slash the tengu conjurer! You freeze the tengu conjurer.
Your tail-slap misses the tengu conjurer.
The tengu conjurer is moderately wounded.
The tengu conjurer hits you but does no damage.
The tengu conjurer pecks you but does no damage.
The tengu conjurer claws you but does no damage.
You closely miss the tengu conjurer. You tail-slap the tengu conjurer!
The tengu conjurer is severely wounded.
The tengu conjurer hits you but does no damage.
The tengu conjurer pecks you but does no damage.
The tengu conjurer claws you but does no damage.
You slash the tengu conjurer! You freeze the tengu conjurer.
The tengu conjurer is almost dead.
You hit the tengu conjurer. You freeze the tengu conjurer.
You kill the tengu conjurer!
The battlesphere dissipates.
You see here a tengu corpse.
Things that are here:
a +0 great sword; a +0 leather armour You start resting.
Your hearing returns.
You start resting.
HP restored.
A slime creature is nearby!
A slime creature is nearby!
Your +6 falchion of freezing stops glowing.
b - a +6 short sword (weapon)
You roll towards the slime creature!
You roll towards the slime creature!
You roll towards the slime creature!
The helpless slime creature fails to defend itself.
You skewer the slime creature like a kebab!!!!
You kill the slime creature!
The helpless slime creature fails to defend itself.
You spit the slime creature like a pig!!!!
You kill the slime creature!
Key pressed, stopping explore.
K - 2 scrolls of identify (gained 1) Key pressed, stopping explore.
An acid dragon comes into view.
You roll towards the acid dragon!
The acid dragon roars!
You hit the acid dragon but do no damage.
The acid dragon spits acid at you. The splash of acid hits you.
The acid corrodes you!
You hit the acid dragon.
The acid dragon is lightly wounded.
You hit the acid dragon but do no damage.
You tail-slap the acid dragon, but do no damage.
The acid dragon is lightly wounded.
The acid dragon closely misses you.
The acid dragon claws you but does no damage.
You hit the acid dragon.
The acid dragon is lightly wounded.
You hit the acid dragon but do no damage.
Your tail-slap misses the acid dragon.
The acid dragon is lightly wounded.
The acid dragon closely misses you.
The acid dragon claws you but does no damage.
You closely miss the acid dragon.
You tail-slap the acid dragon, but do no damage.
The acid dragon is lightly wounded.
You block the acid dragon's attack. x2
You closely miss the acid dragon.
The acid dragon is lightly wounded.
You hit the acid dragon.
You tail-slap the acid dragon, but do no damage.
The acid dragon is lightly wounded.
The acid dragon bites you!
The acid dragon claws you but does no damage.
You barely miss the acid dragon.
The acid dragon is lightly wounded.
You hit the acid dragon.
The acid dragon is lightly wounded.
The acid dragon bites you but does no damage.
You block the acid dragon's attack.
You puncture the acid dragon!
The acid dragon is heavily wounded.
You hit the acid dragon but do no damage.
Your tail-slap misses the acid dragon.
The acid dragon is heavily wounded.
The acid dragon bites you but does no damage.
The acid dragon claws you but does no damage.
Your +6 falchion of freezing glows with a cold blue light!
a - a +6 falchion of freezing (weapon)
The acid dragon spits acid at you. You block the splash of acid.
You hit the acid dragon. You freeze the acid dragon.
The acid dragon is heavily wounded.
You hit the acid dragon. You freeze the acid dragon.
Your tail-slap misses the acid dragon.
The acid dragon is severely wounded.
The acid dragon bites you. You block the acid dragon's attack.
You hit the acid dragon. You freeze the acid dragon.
Your tail-slap misses the acid dragon.
The acid dragon is almost dead.
The acid dragon spits acid at you. You block the splash of acid.
You hit the acid dragon but do no damage.
The acid dragon is almost dead.
You hit the acid dragon but do no damage.
The acid dragon is almost dead.
You block the acid dragon's attack. x2
You closely miss the acid dragon. You tail-slap the acid dragon.
The acid dragon is almost dead.
The acid dragon barely misses you.
The acid dragon claws you but does no damage.
You hit the acid dragon. You freeze the acid dragon.
You kill the acid dragon!
The acid dragon scales are intact enough to wear.
No target in view!
No target in view!
No target in view!
No target in view!
No target in view!
No target in view!
No target in view!
Your +6 falchion of freezing stops glowing.
b - a +6 short sword (weapon)
You are no longer corroded.
There is a stone staircase leading up here.
You see here a +0 orcbow.
A centaur warrior comes into view.
A centaur warrior is nearby!
A centaur warrior is nearby!
A centaur comes into view. 2 centaurs come into view.
You roll towards the centaur warrior!
The helpless centaur warrior fails to defend itself.
You skewer the centaur warrior like a kebab!!!!
You kill the centaur warrior!
You roll towards the centaur!
The helpless centaur fails to defend itself.
You skewer the centaur like a kebab!!!!
You kill the centaur!
The helpless centaur fails to defend itself.
You spit the centaur like a pig!!!!
You kill the centaur!
You see here a +0 shortbow.
The helpless centaur fails to defend itself.
You spit the centaur like a pig!!!!
You kill the centaur!
Things that are here:
a +0 shortbow; a centaur corpse A slime creature comes into view.
A slime creature is nearby!
A slime creature is nearby!
A slime creature is nearby!
You roll towards the slime creature! 2 slime creatures come into view.
You roll towards the slime creature!
You roll towards the slime creature!
The slime creature quivers.
The helpless slime creature fails to defend itself.
You spit the slime creature like a pig!!!!
You kill the slime creature!
The slime creature hits you but does no damage.
You hit the slime creature.
The slime creature is lightly wounded.
The slime creature quivers.
Two slime creatures merge to form a large slime creature.
You puncture the large slime creature!
The large slime creature is lightly wounded.
You puncture the large slime creature!
The large slime creature is lightly wounded.
You hit the large slime creature. You tail-slap the large slime creature.
The large slime creature is moderately wounded.
You puncture the large slime creature! You tail-slap the large slime creature.
The large slime creature is moderately wounded.
A large slime creature splits.
You hit the slime creature.
Your tail-slap misses the slime creature.
The slime creature is heavily wounded.
The slime creature barely misses you.
You hit the slime creature. You tail-slap the slime creature!
The slime creature is severely wounded.
The slime creature hits you but does no damage.
You puncture the slime creature!
The slime creature is severely wounded.
The slime creature hits you!
The slime creature hits you but does no damage.
You hit the slime creature.
The slime creature is severely wounded.
The slime creature jiggles.
The slime creature hits you but does no damage.
You puncture the slime creature! You tail-slap the slime creature.
The slime creature is almost dead.
The slime creature hits you.
You hit the slime creature.
You kill the slime creature!
You puncture the slime creature!
The slime creature is heavily wounded.
The slime creature hits you!
You hit the slime creature.
The slime creature is heavily wounded.
You block the slime creature's attack.
You hit the slime creature. You tail-slap the slime creature!
The slime creature is severely wounded.
You hit the slime creature.
The slime creature is severely wounded.
You block the slime creature's attack.
You hit the slime creature but do no damage.
The slime creature is severely wounded.
The slime creature hits you!
You hit the slime creature. You tail-slap the slime creature.
The slime creature is almost dead.
You puncture the slime creature!
You kill the slime creature!
No target in view!
No target in view!
No target in view!
No target in view!
No target in view!
No target in view!
No target in view!
No target in view!
No target in view!
No target in view!
A cyclops comes into view.
A cyclops is nearby!
A cyclops is nearby!
A tengu conjurer comes into view.
You roll towards the cyclops!
You roll towards the cyclops!
Found 24 gold pieces.
The helpless cyclops fails to defend itself.
You perforate the cyclops like a sieve!!!!
You kill the cyclops!
The helpless tengu conjurer fails to defend itself.
You stick the tengu conjurer like a pincushion!!!!
You kill the tengu conjurer!
You now have 1391 gold pieces (gained 24).
A manticore comes into view.
A manticore is nearby!
A manticore is nearby!
Your +6 falchion of freezing glows with a cold blue light!
a - a +6 falchion of freezing (weapon)
You hit the manticore. You freeze the manticore. You tail-slap the manticore.
The manticore is lightly wounded.
The manticore barely misses you. x2; The manticore closely misses you.
You hit the manticore. You freeze the manticore.
Your tail-slap misses the manticore.
The manticore is moderately wounded.
You slash the manticore! You freeze the manticore.
The manticore is heavily wounded.
The manticore bites you but does no damage.
You block the manticore's attack. The manticore closely misses you.
You hit the manticore. You freeze the manticore.
The manticore is heavily wounded.
The manticore bites you! The manticore closely misses you.
The manticore barely misses you.
You slash the manticore! You freeze the manticore.
The manticore is almost dead.
You hit the manticore. You freeze the manticore.
You kill the manticore!
Your Stealth skill increases to level 19!
No target in view!
No target in view!
No target in view!
No target in view!
No target in view!
No target in view!
No target in view!
No target in view!
Your +6 falchion of freezing stops glowing.
b - a +6 short sword (weapon)
Items here: รทรทรทรท.
Things that are here:
a +0 orcbow; a centaur skeleton 3 brown ugly things come into view.
There are monsters nearby!
There are monsters nearby!
A brown ugly thing comes into view.
A seven-headed hydra comes into view.
The brown ugly thing gurgles horribly! x2; The seven-headed hydra roars!
You hear a shout!
The brown ugly thing basks in the mutagenic energy from its kin and changes!
You roll towards the brown ugly thing!
The brown ugly thing gurgles horribly!
You hit the brown ugly thing.
You tail-slap the brown ugly thing, but do no damage.
The brown ugly thing is lightly wounded.
You hear a horrible gurgling sound!
The brown ugly thing gores you but does no damage.
A fire crab comes into view.
The brown ugly thing attacks as it pursues you!
The brown ugly thing misses you.
A brown ugly thing comes into view.
The brown ugly thing basks in the mutagenic energy from its kin and changes!
The brown ugly thing attacks as it pursues you!
The brown ugly thing headbutts you but does no damage.
The brown ugly thing headbutts you.
You are splashed with acid!
The purple ugly thing attacks as it pursues you!
The purple ugly thing misses you.
The brown ugly thing attacks as it pursues you!
The brown ugly thing misses you.
You block the brown ugly thing's attack.
The brown ugly thing attacks as it pursues you!
The brown ugly thing headbutts you but does no damage.
The purple ugly thing basks in the mutagenic energy from its kin and changes!
The brown ugly thing basks in the mutagenic energy from its kin and changes!
The brown ugly thing basks in the mutagenic energy from its kin and changes!
The brown ugly thing basks in the mutagenic energy from its kin and changes!
The red ugly thing basks in the mutagenic energy from its kin and changes!
The cyan ugly thing basks in the mutagenic energy from its kin and changes!
Your +6 falchion of freezing glows with a cold blue light!
a - a +6 falchion of freezing (weapon)
You slash the red ugly thing! You freeze the red ugly thing.
Your tail-slap misses the red ugly thing.
The red ugly thing is lightly wounded.
The red ugly thing punches you but does no damage.
The purple ugly thing gurgles horribly!
You slash the red ugly thing! You freeze the red ugly thing.
Your tail-slap misses the red ugly thing.
The red ugly thing is heavily wounded.
The cyan ugly thing basks in the mutagenic energy from its kin and changes!
You block the red ugly thing's attack.
The brown ugly thing gurgles horribly!
You hit the red ugly thing but do no damage.
The red ugly thing is heavily wounded.
The brown ugly thing basks in the mutagenic energy from its kin and changes!
You hit the red ugly thing. You freeze the red ugly thing.
The red ugly thing is heavily wounded.
The red ugly thing punches you but does no damage.
You hit the red ugly thing. You freeze the red ugly thing.
You tail-slap the red ugly thing!
The red ugly thing is severely wounded.
You slash the red ugly thing! You freeze the red ugly thing.
The red ugly thing is almost dead.
You block the red ugly thing's attack.
You slash the red ugly thing! You freeze the red ugly thing.
You kill the red ugly thing!
You slash the brown ugly thing! You freeze the brown ugly thing.
The brown ugly thing is moderately wounded.
The brown ugly thing engulfs you but does no damage.
You hit the brown ugly thing. You freeze the brown ugly thing.
The brown ugly thing is moderately wounded.
The brown ugly thing basks in the mutagenic energy from its kin and changes!
You hit the green ugly thing. You freeze the green ugly thing.
The green ugly thing is heavily wounded.
You completely miss the green ugly thing.
The green ugly thing is heavily wounded.
You hit the green ugly thing. You freeze the green ugly thing.
The green ugly thing is heavily wounded.
You block the green ugly thing's attack.
You hit the green ugly thing. You freeze the green ugly thing.
Your tail-slap misses the green ugly thing.
The green ugly thing is severely wounded.
The brown ugly thing basks in the mutagenic energy from its kin and changes!
You hit the green ugly thing but do no damage.
Your tail-slap misses the green ugly thing.
The green ugly thing is severely wounded.
The green ugly thing stings you!
You barely miss the green ugly thing.
Your tail-slap misses the green ugly thing.
The green ugly thing is severely wounded.
The green ugly thing stings you!
You hit the green ugly thing but do no damage.
You tail-slap the green ugly thing, but do no damage.
The green ugly thing is severely wounded.
You hit the green ugly thing. You freeze the green ugly thing.
You tail-slap the green ugly thing.
The green ugly thing is almost dead.
You block the green ugly thing's attack.
You hit the green ugly thing but do no damage.
The green ugly thing is almost dead.
The green ugly thing stings you!
You slash the green ugly thing! You freeze the green ugly thing.
You kill the green ugly thing!
You hit the purple ugly thing. You freeze the purple ugly thing.
The purple ugly thing is lightly wounded.
The purple ugly thing tail-slaps you but does no damage.
You barely miss the purple ugly thing.
You tail-slap the purple ugly thing, but do no damage.
The purple ugly thing is lightly wounded.
You hit the purple ugly thing. You freeze the purple ugly thing.
The purple ugly thing is lightly wounded.
You block the purple ugly thing's attack.
The purple ugly thing basks in the mutagenic energy from its kin and changes!
You slash the purple ugly thing! You freeze the purple ugly thing.
The purple ugly thing is moderately wounded.
You block the purple ugly thing's attack.
You hit the purple ugly thing. You freeze the purple ugly thing.
The purple ugly thing is moderately wounded.
You barely miss the purple ugly thing.
The purple ugly thing is moderately wounded.
The seven-headed hydra roars!
You block the purple ugly thing's attack.
You completely miss the purple ugly thing.
The purple ugly thing is moderately wounded.
You hit the purple ugly thing. You freeze the purple ugly thing.
The purple ugly thing is moderately wounded.
The purple ugly thing tail-slaps you but does no damage.
You hit the purple ugly thing. You freeze the purple ugly thing.
You tail-slap the purple ugly thing!
The purple ugly thing is heavily wounded.
The purple ugly thing tail-slaps you!
You barely miss the purple ugly thing.
The purple ugly thing is heavily wounded.
You hit the purple ugly thing but do no damage.
The purple ugly thing is heavily wounded.
The purple ugly thing tail-slaps you!
You are too injured to fight recklessly!
You are too injured to fight recklessly!
You are too injured to fight recklessly!
You are too injured to fight recklessly!
You are too injured to fight recklessly!
You are too injured to fight recklessly!
You are too injured to fight recklessly!
You are too injured to fight recklessly!
You are too injured to fight recklessly!
You are too injured to fight recklessly!
You are too injured to fight recklessly!
You are too injured to fight recklessly!
You are too injured to fight recklessly!
You are too injured to fight recklessly!
You are too injured to fight recklessly!
You are too injured to fight recklessly!
You are too injured to fight recklessly!
You are too injured to fight recklessly!
You are too injured to fight recklessly!
You are too injured to fight recklessly!
You slash the purple ugly thing! You freeze the purple ugly thing.
The purple ugly thing is severely wounded.
The purple ugly thing basks in the mutagenic energy from its kin and changes!
The purple ugly thing tail-slaps you but does no damage.
You hit the purple ugly thing. You freeze the purple ugly thing.
The purple ugly thing is almost dead.
The brown ugly thing basks in the mutagenic energy from its kin and changes!
You block the purple ugly thing's attack.
You slash the purple ugly thing! You freeze the purple ugly thing.
You kill the purple ugly thing!
You roll towards the white ugly thing!
You slash the white ugly thing! You freeze the white ugly thing.
The white ugly thing is lightly wounded.
The brown ugly thing gores you.
You are splashed with acid!
You slash the white ugly thing!
Your tail-slap misses the white ugly thing.
The white ugly thing is moderately wounded.
The white ugly thing claws you but does no damage.
You hit the white ugly thing.
The white ugly thing is moderately wounded.
You slash the white ugly thing! You freeze the white ugly thing.
Your tail-slap misses the white ugly thing.
The white ugly thing is heavily wounded.
The white ugly thing claws you but does no damage.
You hit the white ugly thing. You freeze the white ugly thing.
Your tail-slap misses the white ugly thing.
The white ugly thing is heavily wounded.
The white ugly thing claws you but does no damage.
You hit the white ugly thing. You freeze the white ugly thing.
Your tail-slap misses the white ugly thing.
The white ugly thing is severely wounded.
You slash the white ugly thing! You freeze the white ugly thing.
You tail-slap the white ugly thing, but do no damage.
The white ugly thing is almost dead.
You block the white ugly thing's attack.
You closely miss the white ugly thing.
Your tail-slap misses the white ugly thing.
The white ugly thing is almost dead.
The white ugly thing claws you but does no damage.
You hit the white ugly thing.
The white ugly thing is almost dead.
You closely miss the white ugly thing.
The white ugly thing is almost dead.
The white ugly thing claws you but does no damage.
You closely miss the white ugly thing.
You tail-slap the white ugly thing, but do no damage.
The white ugly thing is almost dead.
You block the white ugly thing's attack.
You slash the white ugly thing! You freeze the white ugly thing.
You kill the white ugly thing!
Your +6 falchion of freezing stops glowing.
Your +0 long sword of flaming bursts into flame!
L - a +0 long sword of flaming (weapon)
You hit the seven-headed hydra. You burn the seven-headed hydra.
You tail-slap the seven-headed hydra!
The seven-headed hydra is lightly wounded.
The seven-headed hydra bites you.
The seven-headed hydra bites you but does no damage.
You block the seven-headed hydra's attack.
The seven-headed hydra bites you but does no damage. x2
You block the seven-headed hydra's attack. x2
You hit the seven-headed hydra. You burn the seven-headed hydra.
You tail-slap the seven-headed hydra!
The seven-headed hydra is moderately wounded.
The seven-headed hydra bites you but does no damage.
The seven-headed hydra bites you!
* * * LOW HITPOINT WARNING * * *
The seven-headed hydra bites you but does no damage.
The seven-headed hydra bites you.
* * * LOW HITPOINT WARNING * * *
The seven-headed hydra bites you but does no damage.
The seven-headed hydra completely misses you.
The seven-headed hydra bites you.
* * * LOW HITPOINT WARNING * * *
You barely miss the seven-headed hydra. You tail-slap the seven-headed hydra!
The seven-headed hydra is moderately wounded.
You block the seven-headed hydra's attack.
The seven-headed hydra bites you.
* * * LOW HITPOINT WARNING * * *
The seven-headed hydra bites you.
* * * LOW HITPOINT WARNING * * *
The seven-headed hydra barely misses you.
You block the seven-headed hydra's attack.
The seven-headed hydra bites you.
* * * LOW HITPOINT WARNING * * *
The seven-headed hydra bites you but does no damage.
You barely miss the seven-headed hydra.
The seven-headed hydra is moderately wounded.
You hit the seven-headed hydra but do no damage.
The seven-headed hydra is moderately wounded.
The seven-headed hydra bites you.
* * * LOW HITPOINT WARNING * * *
You block the seven-headed hydra's attack.
The seven-headed hydra bites you!
* * * LOW HITPOINT WARNING * * *
The seven-headed hydra closely misses you.
The seven-headed hydra bites you but does no damage. x3
You hit the seven-headed hydra but do no damage.
The seven-headed hydra is moderately wounded.
You block the seven-headed hydra's attack. x2
The seven-headed hydra bites you!
* * * LOW HITPOINT WARNING * * *
The seven-headed hydra bites you!
* * * LOW HITPOINT WARNING * * *
The seven-headed hydra bites you.
* * * LOW HITPOINT WARNING * * *
You block the seven-headed hydra's attack.
The seven-headed hydra bites you!
You die...
Ignis goes out, and joins you in death.

#..##....#.#.##..#
#..#...##..
#.........##.##..#
#..#...##..
##.....###.#.##..#
#..#...##.. #...#....##.##..#
#..#...##.. #..#....#.#.##..#
#......##.. #.#....#..#.##..#
#......##..
##....#...#.##..###......##..
#.###.....#.##...............
##....#...#.@Du..............
#.#....#..#.###..........###.
#..#....#.#.# #..#....[..# #.
#...#....##.# #..#.......# #.
#.....###.#.# #..#.......# #.
#...#....##.# #..#(......# #.
#..#....#.#.# #..#.......# #.
#.#....#..#.# #..#.......# #.
##....#...#.# #..#.......# #.


You could see a seven-headed hydra and a brown ugly thing.

Vanquished Creatures
  Rupert (D:14)
  Jorgrun (Orc:1)
  Gastronok (Orc:2)
  A tengu reaver (D:13)
  An orc warlord (Orc:1)
  A dire elephant (Lair:4)
  Snorg (D:13)
  Josephine (Lair:5)
  Erolcha (D:10)
  6 hydras
  An ice dragon (Lair:3)
  3 centaur warriors (D:14)
  An ironbound frostheart (IceCv)
  Erica (D:10)
  A boulder beetle (D:14)
  3 tengu warriors
  A two-headed ogre (D:11)
  15 death yaks
  4 orc high priests (Orc:2)
  An occultist (Lair:5)
  3 skeletal warriors
  4 skysharks
  A goliath frog (IceCv)
  A sixfirhy (Lair:5)
  A lindwurm (Lair:4)
  A deep elf pyromancer (D:13)
  2 manticores
  4 orc knights
  4 cyclopes
  6 orc sorcerers
  11 ugly things
  13 elephants (Lair:5)
  5 black mambas
  4 kobold blastminers
  An ice statue (IceCv)
  Joseph (D:9)
  3 orange demons (Lair:5)
  2 gargoyles
  11 cane toads
  2 unseen horrors (D:13)
  A torpor snail (Lair:2)
  Maggie (D:7)
  6 rime drakes
  5 ice devils
  9 komodo dragons
  2 tengu conjurers (D:14)
  A red devil (Lair:5)
  A hellwing (Lair:5)
  Grinder (D:3)
  17 trolls
  A hornet (D:9)
  17 polar bears
  10 blink frogs
  16 slime creatures
  2 jumping spiders (Lair:2)
  Eustachio (D:4)
  6 wyverns
  52 yaks
  9 wraiths
  5 wargs
  3 steam dragons
  2 basilisks
  A death yak simulacrum (Lair:3)
  A redback (Lair:2)
  5 vampire mosquitoes
  A harpy simulacrum (Lair:3)
  3 acid dragons
  3 hell hounds (Lair:5)
  15 water moccasins
  2 ice beasts
  18 orc warriors
  A sky beast (D:6)
  2 black bears
  11 ogres
  35 wolves
  4 boggarts (Lair:2)
  13 centaurs
  A phantom (D:7)
  3 kobold brigands
  Blork the orc (D:4)
  9 bullfrogs
  2 gnoll sergeants
  A scorpion (D:6)
  A two-headed ogre simulacrum (Lair:3)
  8 wights (D:8)
  19 killer bees
  An elephant simulacrum (Lair:3)
  An electric eel (Lair:1)
  5 howler monkeys
  A bombardier beetle (D:6)
  4 jellies
  A gnoll bouda (D:5)
  4 hounds
  19 orc priests
  A sleepcap (D:5)
  2 iguanas (D:6)
  23 orc wizards
  12 gnolls
  3 adders
  A shadow imp (D:5)
  4 white imps
  A dart slug (D:2)
  A ribbon worm (D:2)
  53 orcs
  5 ball pythons
  7 bats
  6 endoplasms
  3 giant cockroaches
  4 goblins
  6 hobgoblins
  A frilled lizard (D:1)
  8 kobolds
  4 rats (D:2)
635 creatures vanquished.

Vanquished Creatures (others)
  An orc priest (Orc:2)
  3 orc wizards
  2 orcs (D:4)
  59 foxfires
65 creatures vanquished.

Grand Total: 700 creatures vanquished

Notes
Turn   | Place    | Note
-------+----------+-------------------------------------------
     0 | D:1      | sleeves the Armataur Cinder Acolyte began the quest for the
                  | Orb.
     0 | D:1      | Reached XP level 1. HP: 18/18 MP: 2/2
   338 | D:1      | Reached skill level 1 in Stealth
   447 | D:1      | Reached skill level 3 in Long Blades
   462 | D:1      | Reached XP level 2. HP: 23/25 MP: 3/3
   886 | D:2      | Reached skill level 2 in Stealth
  1076 | D:2      | Reached XP level 3. HP: 30/30 MP: 4/4
  1237 | D:2      | Found a sparkling altar of Nemelex Xobeh.
  1659 | D:3      | Noticed Grinder
  1808 | D:3      | Reached skill level 3 in Stealth
  1808 | D:3      | Reached XP level 4. HP: 29/37 MP: 5/5
  1980 | D:3      | Paralysed by Grinder for 4 turns
  1999 | D:3      | HP: 16/37 [Grinder (6)]
  2000 | D:3      | HP: 6/37 [Grinder (4)]
  2002 | D:3      | Killed Grinder
  2003 | D:3      | Reached skill level 4 in Long Blades
  2003 | D:3      | Reached skill level 5 in Stealth
  2003 | D:3      | Reached XP level 5. HP: 8/42 MP: 6/6
  2003 | D:3      | Reached XP level 6. HP: 10/50 MP: 7/7
  2234 | D:3      | Found a faded altar of an unknown god.
  2703 | D:4      | Noticed a steam dragon
  2840 | D:4      | Killed a steam dragon
  2841 | D:4      | Reached skill level 5 in Long Blades
  2957 | D:4      | Noticed Eustachio
  3009 | D:4      | HP: 25/50 [Eustachio/+0 falchion (5)]
  3014 | D:4      | Killed Eustachio
  3015 | D:4      | Reached skill level 6 in Stealth
  3015 | D:4      | Gained mutation: You regenerate magic and health when
                  | rolling toward enemies. (Rampage Regen) [Armataur growth]
  3015 | D:4      | Reached XP level 7. HP: 29/56 MP: 8/8
  3228 | D:4      | Noticed Blork the orc
  3239 | D:4      | Killed Blork the orc
  3318 | D:4      | Found a runed translucent door.
  3319 | D:4      | Noticed Crazy Yiuf
  3539 | D:5      | Entered Level 5 of the Dungeon
  3608 | D:5      | Found a staircase to the Ecumenical Temple.
  3627 | Temple   | Entered the Ecumenical Temple
  3723 | D:4      | Reached skill level 6 in Long Blades
  3842 | D:5      | HP: 25/56 [gnoll/+0 club[a gnoll bouda] (8)]
  4046 | D:5      | Reached skill level 7 in Stealth
  4526 | D:5      | Reached XP level 8. HP: 36/62 MP: 9/9
  4896 | D:5      | Reached skill level 8 in Stealth
  5121 | D:6      | Reached skill level 7 in Long Blades
  5187 | D:6      | HP: 28/62 [orc priest/divine providence (13)]
  5373 | D:6      | Reached skill level 9 in Stealth
  5682 | D:6      | Reached skill level 8 in Long Blades
  5937 | D:7      | Reached XP level 9. HP: 47/68 MP: 10/10
  6123 | D:7      | Noticed Maggie
  6154 | D:7      | Killed Maggie
  6155 | D:7      | Reached skill level 1 in Armour
  6155 | D:7      | Reached skill level 10 in Stealth
  6155 | D:7      | Reached skill level 2 in Shields
  6172 | D:7      | Reached skill level 2 in Armour
  6180 | D:7      | HP: 34/68 [killer bee (4)]
  6185 | D:7      | HP: 25/68 [poisoned by a killer bee]
  6187 | D:7      | HP: 10/68 [killer bee (7)]
  6187 | D:7      | HP: 3/68 [killer bee (7)]
  6398 | D:7      | HP: 34/68 [poisoned by a killer bee]
  6403 | D:7      | HP: 24/68 [poisoned by a killer bee]
  6498 | D:7      | Reached skill level 3 in Shields
  6588 | D:7      | Reached skill level 3 in Armour
  6744 | D:7      | Found a sparkling altar of Nemelex Xobeh.
  7129 | D:8      | Found Ulynod's Magic Scroll Shoppe.
  7427 | D:8      | Reached skill level 4 in Armour
  7427 | D:8      | Reached skill level 4 in Shields
  7467 | D:8      | Reached skill level 9 in Long Blades
  8045 | D:8      | Reached skill level 5 in Armour
  8346 | D:9      | Reached skill level 5 in Shields
  8362 | D:9      | Noticed a troll
  8366 | D:9      | Killed a troll
  8367 | D:9      | Reached XP level 10. HP: 74/74 MP: 11/11
  8398 | D:9      | Reached skill level 6 in Armour
  8451 | D:9      | HP: 35/74 [orc warrior/+1 battleaxe of freezing (6)]
  8460 | D:9      | Reached skill level 7 in Armour
  8682 | D:9      | Reached skill level 10 in Long Blades
  8789 | D:9      | Noticed Joseph
  8797 | D:9      | Killed Joseph
  8900 | D:9      | Reached skill level 8 in Armour
  8933 | D:9      | Noticed a gargoyle
  8964 | D:9      | HP: 31/74 [slime creature (8)]
  9010 | D:9      | HP: 34/74 [large slime creature (12)]
  9146 | D:8      | Killed a gargoyle
  9290 | D:9      | HP: 37/74 [poisoned by a killer bee]
  9295 | D:9      | HP: 27/74 [poisoned by a killer bee]
  9300 | D:9      | HP: 22/74 [poisoned by a killer bee]
  9477 | D:9      | Reached skill level 9 in Armour
  9852 | D:9      | Identified the +0 helmet of the Breadfruit {Harm Will+
                  | Int+3}
  9852 | D:9      | Identified the amulet "Ecseacez" {Acrobat Will++}
  9887 | D:9      | Noticed a tengu warrior
  9921 | D:9      | Killed a tengu warrior
  9922 | D:9      | Reached skill level 11 in Long Blades
  9922 | D:9      | Reached XP level 11. HP: 81/81 MP: 12/12
  9924 | D:9      | Noticed a tengu warrior
  9936 | D:9      | HP: 36/81 [tengu warrior/+2 glaive (8)]
  9940 | D:9      | Killed a tengu warrior
 10115 | D:9      | Reached skill level 10 in Armour
 10174 | D:9      | HP: 31/81 [cyclops (22)]
 10553 | D:9      | HP: 34/81 [troll (9)]
 10737 | D:10     | Entered Level 10 of the Dungeon
 10747 | D:10     | Reached skill level 3 in Fighting
 10944 | D:10     | HP: 39/82 [yak (6)]
 11154 | D:10     | HP: 41/82 [orc priest/divine providence (16)]
 11159 | D:10     | HP: 36/82 [orc priest/divine providence (9)]
 11163 | D:10     | HP: 15/82 [orc priest/divine providence (17)]
 11857 | D:10     | Found Sebit's Weapon Emporium.
 11859 | D:10     | Found a staircase to the Orcish Mines.
 11922 | D:10     | Found Tuoru's General Store.
 12020 | D:10     | Noticed Erolcha
 12050 | D:10     | Killed Erolcha
 12051 | D:10     | Reached skill level 6 in Shields
 12152 | D:10     | Found a staircase to the Lair.
 12179 | D:10     | Reached skill level 4 in Fighting
 12465 | D:11     | HP: 33/84 [cyclops (23)]
 12616 | D:11     | Noticed a two-headed ogre
 12618 | D:11     | Killed a two-headed ogre
 12670 | D:11     | Reached skill level 12 in Long Blades
 12670 | D:11     | Reached skill level 11 in Stealth
 12689 | D:11     | Found a frozen archway.
 12698 | IceCv    | Entered an ice cave
 12782 | IceCv    | Noticed a white ugly thing
 12788 | IceCv    | Killed a white ugly thing
 12894 | IceCv    | Reached skill level 7 in Shields
 12915 | IceCv    | Reached XP level 12. HP: 86/93 MP: 13/13
 12961 | IceCv    | Reached skill level 5 in Fighting
 12962 | IceCv    | Noticed a death yak
 12964 | IceCv    | Noticed a death yak
 12981 | IceCv    | Killed a death yak
 12997 | IceCv    | HP: 47/94 [death yak (15)]
 13000 | IceCv    | Killed a death yak
 13003 | IceCv    | HP: 42/94 [yak (13)]
 13008 | IceCv    | HP: 35/94 [polar bear (9)]
 13019 | IceCv    | HP: 32/94 [yak (12)]
 13027 | IceCv    | HP: 20/94 [polar bear (9)]
 13035 | IceCv    | HP: 28/94 [polar bear (2)]
 13384 | IceCv    | HP: 34/94 [ice statue/shard of ice (25)]
 13401 | IceCv    | HP: 30/94 [ice beast[an ice statue] (2)]
 13492 | IceCv    | HP: 43/94 [ice statue/bolt of cold (8)]
 13499 | IceCv    | HP: 44/94 [ice beast[an ice statue] (1)]
 13691 | IceCv    | Noticed an ironbound frostheart
 13691 | IceCv    | Noticed an ironbound frostheart
 13706 | IceCv    | an ironbound frostheart changed into a goliath frog
 13733 | IceCv    | HP: 47/94 [polar bear (13)]
 13741 | IceCv    | HP: 35/94 [polar bear (13)]
 13746 | IceCv    | HP: 33/94 [ironbound frostheart/creeping frost (3)]
 13754 | IceCv    | HP: 22/95 [polar bear (10)]
 14014 | IceCv    | Reached skill level 12 in Stealth
 14014 | IceCv    | Reached skill level 8 in Shields
 14174 | IceCv    | HP: 44/95 [yak (11)]
 14177 | IceCv    | Reached skill level 6 in Fighting
 14184 | IceCv    | HP: 41/96 [wolf (6)]
 14189 | IceCv    | HP: 39/96 [polar bear (3)]
 14194 | IceCv    | HP: 29/96 [polar bear (11)]
 14270 | IceCv    | HP: 47/96 [goliath frog (11)]
 14655 | IceCv    | Killed an ironbound frostheart
 15760 | D:11     | HP: 48/97 [howler monkey (1)]
 15917 | D:12     | HP: 46/97 [gargoyle/+0 morningstar (20)]
 15922 | D:12     | HP: 26/97 [manticore (11)]
 15923 | D:12     | HP: 11/97 [manticore (17)]
 15925 | D:12     | Reached skill level 9 in Shields
 16212 | D:12     | Reached skill level 13 in Long Blades
 16297 | D:12     | Reached XP level 13. HP: 87/104 MP: 14/14
 16307 | D:12     | HP: 48/104 [skeletal warrior/+0 glaive (23)]
 16313 | D:12     | HP: 31/104 [skeletal warrior/+0 long sword (16)]
 16321 | D:12     | HP: 20/104 [skeletal warrior/+0 glaive (12)]
 16397 | D:11     | Reached skill level 7 in Fighting
 16440 | D:12     | Found Mounal's Book Shop.
 16563 | D:12     | Identified the +5 broad axe of Giacewit {heavy, Str+3
                  | Int+3}
 16564 | D:12     | Found Cammel's Book Shoppe.
 16600 | D:12     | Found Lomaki's Magic Scroll Shoppe.
 16608 | D:12     | Bought a scroll of blinking for 90 gold pieces
 16608 | D:12     | Bought a scroll of blinking for 90 gold pieces
 16608 | D:12     | Bought a scroll of fear for 48 gold pieces
 16884 | D:12     | Reached skill level 13 in Stealth
 16951 | D:13     | Found a gate to the Vaults.
 16952 | D:13     | Noticed a tengu reaver
 17055 | Lair:1   | Entered Level 1 of the Lair of Beasts
 17269 | Lair:1   | HP: 49/105 [wyvern (12)]
 18009 | Lair:2   | Found a staircase to the Shoals.
 18192 | Lair:2   | Found a hole to the Spider Nest.
 18269 | Lair:2   | Reached skill level 10 in Shields
 18385 | Lair:1   | HP: 46/107 [death yak (12)]
 18876 | Lair:2   | HP: 49/107 [death yak (19)]
 19036 | Lair:2   | Reached skill level 8 in Fighting
 19417 | Lair:2   | Reached skill level 14 in Stealth
 19877 | Lair:3   | HP: 51/108 [death yak (20)]
 19882 | Lair:3   | HP: 30/108 [death yak (12)]
 19892 | Lair:3   | HP: 28/108 [death yak (2)]
 19897 | Lair:3   | Reached skill level 11 in Shields
 19897 | Lair:3   | Reached XP level 14. HP: 28/116 MP: 15/15
 19897 | Lair:3   | HP: 28/116 [death yak (1)]
 20238 | Lair:3   | HP: 57/116 [ice dragon/blast of cold (7)]
 20241 | Lair:3   | Reached skill level 14 in Long Blades
 20342 | Lair:3   | HP: 57/116 [ice devil (11)]
 20349 | Lair:3   | HP: 50/116 [yak (1)]
 20362 | Lair:3   | HP: 57/116 [yak (9)]
 20685 | Lair:3   | Reached skill level 9 in Fighting
 21794 | Lair:4   | Found a viscous altar of Jiyva.
 21794 | Lair:4   | Found a staircase to the Slime Pits.
 21834 | Lair:4   | Identified the +0 chain mail of Watchfulness {-Tele rC+ rN+
                  | Will+}
 22061 | Lair:5   | Entered Level 5 of the Lair of Beasts
 22370 | Lair:5   | Reached skill level 15 in Stealth
 22473 | Lair:5   | Noticed Josephine
 22537 | Lair:4   | Reached skill level 12 in Shields
 22693 | Lair:4   | HP: 58/118 [dire elephant (8)]
 22697 | Lair:4   | HP: 24/118 [dire elephant (6)]
 22825 | Lair:5   | HP: 58/119 [skyshark (4)]
 23065 | Lair:5   | HP: 56/119 [12-headed hydra (7)]
 23162 | Lair:5   | Reached skill level 10 in Fighting
 23296 | Lair:5   | Killed Josephine
 23448 | Lair:5   | Reached skill level 16 in Stealth
 23496 | Lair:5   | Reached skill level 13 in Shields
 23798 | Lair:5   | Found a burning altar of Makhleb.
 23997 | Lair:5   | Reached XP level 15. HP: 109/126 MP: 16/16
 24438 | Lair:5   | Found a gateway to Hell.
 24446 | Lair:5   | Got the Incunabulum of the Retinue
 24797 | Orc:1    | Entered Level 1 of the Orcish Mines
 24797 | Orc:1    | Noticed Erica
 24807 | Orc:1    | Noticed Jorgrun
 24815 | D:10     | HP: 63/126 [poisoned by Erica (bolt of poison)]
 24818 | D:10     | Killed Erica
 24820 | D:10     | HP: 62/126 [poisoned by Erica (bolt of poison)]
 24931 | Orc:1    | HP: 44/126 [Jorgrun/iron shot (26)]
 24936 | Orc:1    | HP: 33/126 [constriction (4)]
 24938 | Orc:1    | Killed Jorgrun
 25180 | Orc:2    | Entered Level 2 of the Orcish Mines
 25405 | Orc:2    | Found a roughly hewn altar of Beogh.
 25492 | Orc:2    | Found a staircase to the Elven Halls.
 25509 | Orc:2    | Found Hascher's Magic Scroll Boutique.
 25785 | Orc:2    | HP: 56/122 [kobold blastminer/iron shot (19)]
 25964 | Orc:2    | Reached skill level 17 in Stealth
 25964 | Orc:2    | Reached skill level 14 in Shields
 26049 | Orc:1    | Noticed Gastronok
 26075 | Orc:2    | HP: 57/124 [warg (17)]
 26083 | Orc:2    | HP: 47/124 [Gastronok/the air (19)]
 26087 | Orc:2    | HP: 19/124 [warg (11)]
 26201 | Orc:2    | Killed Gastronok
 26761 | Orc:2    | Bought a scroll of acquirement for 780 gold pieces
 26761 | Orc:2    | Bought a scroll of blinking for 112 gold pieces
 26761 | Orc:2    | Bought a scroll of teleportation for 45 gold pieces
 27233 | Orc:2    | Found Haotsib's Magic Scroll Boutique.
 27233 | Orc:2    | Found Vetishra's Magic Scroll Shoppe.
 27262 | Orc:2    | Found Moaps's Book Boutique.
 27262 | Orc:2    | Found Fauddi's Jewellery Shoppe.
 27317 | Orc:2    | Bought a scroll of acquirement for 624 gold pieces
 27322 | Orc:2    | Bought 2 scrolls of teleportation for 72 gold pieces
 27386 | Orc:2    | Acquired 757 gold pieces
 27553 | D:13     | Noticed Snorg
 27559 | D:13     | Killed Snorg
 27615 | D:13     | You fall into a shaft and drop 2 floors!
 27615 | D:15     | Entered Level 15 of the Dungeon
 27624 | D:15     | Found a transporter.
 27666 | D:13     | HP: 40/124 [tengu reaver/bolt of acid (27)]
 27671 | D:13     | HP: 48/124 [tengu reaver/+0 great mace (2)]
 27677 | D:13     | HP: 32/124 [tengu reaver/+0 great mace (5)]
 27678 | D:13     | Killed a tengu reaver
 27939 | D:13     | Found a hazy altar of Hepliaklqana.
 28179 | D:13     | Identified the +3 scale mail "Arghiex" {Will+ Str+2}
 28828 | D:14     | Noticed Rupert
 28945 | D:14     | Reached skill level 15 in Shields
 29041 | D:14     | Killed Rupert
 29042 | D:14     | Reached skill level 18 in Stealth
 29042 | D:14     | HP: 63/126 [poisoned by Rupert]
 29047 | D:14     | HP: 59/126 [poisoned by Rupert]
 29903 | D:14     | Reached skill level 19 in Stealth
 30094 | D:14     | HP: 63/126 [seven-headed hydra (11)]
 30098 | D:14     | HP: 28/126 [seven-headed hydra (11)]
 30098 | D:14     | HP: 10/126 [seven-headed hydra (6)]
 30098 | D:14     | Slain by a seven-headed hydra

Illustrated notes

Levels and vault maps discovered:
D:1:      dpeg_arrival_round_c, layout_loops_ring
D:2:      layout_loops_ring, basic_altar
D:3:      layout_basic, shapermc_ecumenical_altar_starsandcircs, uniq_grinder
D:4:      layout_cave_pools, uniq_crazy_yiuf_cottage, uniq_blork_the_orc,
          uniq_eustachio
D:5:      layout_gridville, minmay_temple_entry_junction,
          kennysheep_generic_room_9
D:6:      layout_rooms, serial_curves, eino_curves_03, eino_curves_03,
          minmay_a_box_with_orc_wizards_in_it
D:7:      lemuel_ice_spiral_2, layout_rooms, nemelex_dance_club_becter,
          uniq_maggie
D:8:      layout_layer_cave, serial_shops, nicolae_shop_trees
D:9:      minmay_the_grid_net [minmay_the_grid_fan, minmay_the_grid_dragon_b,
          minmay_the_grid_stretched_grid, minmay_the_grid_tree,
          minmay_the_grid_embedded, minmay_the_grid_prize_shrinking_boxes],
          layout_irregular_city, uniq_joseph
D:10:     layout_gridville, erik_lair_orcish_takeover, orc_david_3,
          serial_shops, shop, uniq_erolcha
D:11:     layout_grid_maze, portal_ice_cave_rime, lemuel_nasty_fountain
D:12:     layout_irregular_city, serial_shops, nicolae_shop_advertising_works
          [nicolae_subvault_shop_adworks], shop, nicolae_shop_tiny_waterfront
D:13:     lemuel_ogre_cave, layout_long_grid,
          hellmonk_vaults_attempted_burglary, minmay_misc_feat_four_crosses,
          nicolae_hepliaklqana_hippocampus, uniq_snorg
D:14:     minmay_blocky_corners, layout_long_grid,
          hangedman_decor_diamond_cutter, uniq_rupert
D:15:     gammafunk_depths_entry_grave, layout_irregular_city,
          lemuel_coloured_pillars_altar, gammafunk_ghost_wrathful_warriors,
          hangedman_corner_corridor
Temple:   mainiacjoe_temple_hex_bubbles
Lair:1:   layout_big_grid, st_stairs_9, serial_bayou_shore_b,
          serial_bayou_shore_a
Lair:2:   layout_long_grid, minmay_shoals_entry_centaurs, spider_nest_entry_a,
          st_stairs_4, kilobyte_rumbling_trees
Lair:3:   dreamdust_isle_of_ice, layout_cave_pods
Lair:4:   layout_layer_cave, slime_entry_2
Lair:5:   evil_forest, layout_layer_cave, uniq_josephine
Orc:1:    layout_caves, uniq_jorgrun, uniq_erica, uniq_gastronok
Orc:2:    grunt_orc_tribal_feast, layout_diamond_mine, basic_altar,
          serial_shops, shop

Skill      XL: |  1  2  3  4  5  6  7  8  9 10 11 12 13 14 15 |
---------------+----------------------------------------------+-----
Stealth        | 1 2 3 5 6 7 9 10 11 12 14 16 19 | 19.1
Long Blades    | 3 4 5 6 8 9 11 12 13 14 | 14.0
Armour         | 5 9 10 | 10.0
Shields        | 5 7 9 11 13 15 | 15.0
Fighting       | 4 6 8 10 | 10.0
Spellcasting   | |  1.0
Fire Magic     | |  2.6

Action                     |  1- 3 |  4- 6 |  7- 9 | 10-12 | 13-15 || total
---------------------------+-------+-------+-------+-------+-------++-------
  Melee: Falchion          |   124 |       |    47 |   664 |  2026 ||  2861
         Tailslap          |    11 |    12 |    73 |   162 |   446 ||   704
         Rapier            |    10 |    95 |   390 |       |       ||   495
         Long sword        |       |       |    23 |       |    35 ||    58
         Short sword       |       |       |     4 |   212 |   206 ||   422
  Throw: Dart              |       |       |       |     4 |    13 ||    17
         Throwing net      |       |       |       |       |     1 ||     1
 Invoke: Fiery Armour      |       |       |       |     1 |     5 ||     6
         Foxfire Swarm     |       |       |       |     1 |     2 ||     3
  Evoke: Wand              |       |     4 |    13 |    33 |    16 ||    66
         Condenser vane    |       |       |       |       |     1 ||     1
    Use: Scroll            |       |       |    10 |     7 |     6 ||    23
         Potion            |       |       |     2 |     4 |       ||     6
   Stab: Sleeping          |     2 |     1 |    16 |    24 |    48 ||    91
         Distracted        |       |       |     1 |     1 |     7 ||     9
         Paralysed         |       |       |       |     5 |     2 ||     7
         Invisible         |       |       |       |     3 |       ||     3
 Armour: Robe              |    39 |       |       |       |       ||    39
         Ring mail         |    69 |    80 |   251 |       |       ||   400
         Acid dragon scale |       |       |    55 |    84 |       ||   139
         Leather armour    |       |       |       |   376 |   298 ||   674
         Ice dragon scales |       |       |       |   142 |  1119 ||  1261
         Scale mail        |       |       |       |       |   160 ||   160
  Dodge: Dodged            |    43 |    26 |   120 |   189 |   354 ||   732
  Block: Other             |       |    14 |    37 |       |       ||    51
         Buckler           |       |       |    70 |    75 |       ||   145
         Reflection        |       |       |       |     5 |       ||     5
         Kite shield       |       |       |       |   265 |  1156 ||  1421

Table legend: (Time is in decaauts)
 A = Elapsed time spent in this place.
 B = Non-inter-level travel time spent in this place.
 C = Inter-level travel time spent in this place.
 D = Time resting spent in this place.
 E = Time spent auto-exploring this place.
 F = Levels seen in this place.
 G = Mean time per level.
                   A        B        C        D        E       F      G
               +--------+--------+--------+--------+--------+-----+--------+
         Total |  29228 |  27426 |   1802 |   4016 |  16650 |  24 | 1217.8 |
       Dungeon |  17575 |  16351 |   1224 |   2057 |  10960 |  15 | 1171.7 |
        Temple |      1 |      0 |      1 |      0 |      0 |   1 |    1.0 |
          Lair |   7257 |   6825 |    432 |    656 |   4136 |   5 | 1451.4 |
  Orcish Mines |   2389 |   2245 |    144 |    482 |   1041 |   2 | 1194.5 |
      Ice Cave |   2003 |   2003 |      0 |    821 |    513 |   1 | 2003.0 |
               +--------+--------+--------+--------+--------+-----+--------+

Top non-repeatable levels by time:
  Lair:5: 2157 daAuts
   IceCv: 2003 daAuts
     D:9: 1885 daAuts
  Lair:3: 1677 daAuts
     D:8: 1669 daAuts
    D:10: 1663 daAuts
    D:11: 1658 daAuts
   Orc:2: 1473 daAuts
    D:13: 1308 daAuts
  Lair:2: 1287 daAuts
     D:7: 1226 daAuts
  Lair:4: 1226 daAuts
     D:5: 1211 daAuts
    D:12: 1121 daAuts
    D:14: 1108 daAuts
